Cogmind - Beta 13 @@@ ROGUE MODE // 2024.07.12 @ 19:32:39 Player: APerTAS Result: Destroyed by D-53 Grenadier with Mini Grenade Launcher Performance ------------- Evolutions (0) 0 Regions Visited (2) 400 Robots Destroyed (10) 50 Value Destroyed (240) 240 Prototype IDs (4) 80 Alien Tech Used (0) 0 Bonus (0) 0 TOTAL SCORE: 770 Bonus ------- None Cogmind --------- Core Integrity 0/250 Matter 264/300 Energy 100/100 System Corruption 0% Temperature Cool (0) Movement Core (100) Ox1 Location -10/Mines Parts ------- > --- POWER (1) -------- (None) > --- PROPULSION (2) --- (None) > --- UTILITY (2) ------ Medium Storage Unit Weight Redist. System > --- WEAPON (2) ------- (None) > --- INVENTORY (10) --- Light Ion Engine Improved Aluminum Leg Improved Aluminum Leg Large Storage Unit Signal Interpreter Targeting Computer Light Armor Plating Assault Rifle Mini Grenade Launcher Flail Peak State ------------ > --- POWER ------------ Ion Engine > --- PROPULSION ------- Improved Aluminum Leg Improved Aluminum Leg > --- UTILITY ---------- Medium Storage Unit Weight Redist. System > --- WEAPON ----------- Light Cannon Mini Grenade Launcher > --- INVENTORY -------- Light Ion Engine Improved Aluminum Leg Improved Aluminum Leg Large Storage Unit Signal Interpreter Assault Rifle Mini Grenade Launcher Flail [Rating: 12] Favorites ----------- Power Ion Engine Engine Ion Engine Propulsion Improved Aluminum Leg Treads Light Treads Leg Improved Aluminum Leg Utility Medium Storage Unit Device Weight Redist. System Storage Medium Storage Unit Weapon Mini Grenade Launcher Ballistic Gun Assault Rifle Ballistic Cannon Light Cannon Launcher Mini Grenade Launcher Build | -11 -10 -10 ------- Run | Yrd Mat Min Slots Evolved . | . . . Power . | . . . Propulsion . | . . . Utility . | . . . Weapon . | . . . Parts Attached 12 | 6 5 1 Power 1 | 1 . . Engine 1 | 1 . . Core . | . . . Reactor . | . . . Propulsion 4 | 2 2 . Treads 2 | 2 . . Leg 2 | . 2 . Wheel . | . . . Hover . | . . . Flight . | . . . Utility 3 | 1 1 1 Device 1 | . . 1 Storage 2 | 1 1 . Processor . | . . . Hackware . | . . . Protection . | . . . Artifact . | . . . Weapon 4 | 2 2 . Energy Gun . | . . . Energy Cannon . | . . . Ballistic Gun 2 | 2 . . Ballistic Cannon 1 | . 1 . Launcher 1 | . 1 . Special Weapon . | . . . Impact Weapon . | . . . Slashing Weapon . | . . . Piercing Weapon . | . . . Special Melee Weapon . | . . . Unidentified Prototypes . | . . . Parts Lost 5 | . . 5 Power 1 | . . 1 Propulsion 2 | . . 2 Utility . | . . . Weapon 2 | . . 2 Highest Loss Streak 5 | . . 5 To Critical Strikes . | . . . Average Slot Usage (%) 91 | . 85 97 Engine 13 | . 14 13 Treads 3 | . 6 . Leg 24 | . 21 27 Device 7 | . . 14 Storage 14 | . 14 14 Ballistic Gun 5 | . 11 . Ballistic Cannon 10 | . 6 13 Launcher 11 | . 9 13 Naked Turns . | . . . Heaviest Build 19 | 14 19 19 Greatest Support 40 | 40 40 32 Greatest Overweight (x) 2 | 2 . . Average Overweight (x) . | . . . Largest Inventory Capacity 10 | 8 10 10 Average Capacity 8 | 6 8 10 Most Carried 10 | 4 9 10 Average Carried 7 | 1 7 9 Final Capacity 10 | 8 10 10 Final Carried 10 | 2 9 10 Class Distribution -------------------- 100% | Mutant Dominant Class ---------------- Mutant | -10/Materials Mutant | -10/Mines Resources | -11 -10 -10 ----------- Run | Yrd Mat Min Matter Collected 525 | 193 199 133 Remotely . | . . . Salvage Created 145 | . 32 113 Parts 15 | . 8 7 Haulers Intercepted . | . . . Recyclers Shooed . | . . . Parts Field Recycled . | . . . Retrieved Matter . | . . . Parts Self-Destructed . | . . . Prevented . | . . . Kills | -11 -10 -10 ------- Run | Yrd Mat Min Combat Hostiles Destroyed 8 | . 3 5 Cannons 3 | . 2 1 AOE 5 | . 1 4 Classes Destroyed 8 | . 3 5 Worker 1 | . . 1 Operator 1 | . 1 . Watcher 1 | . 1 . Swarmer 3 | . 3 . Grunt 1 | . . 1 Sentry 2 | . . 2 Demolisher 1 | . . 1 Assembled 1 | . . 1 Best Kill Streak 4 | . 4 2 Combat Bots Only 3 | . 3 2 Max Kills in Single Turn 2 | . 2 1 Gunslinging . | . . . Exploded 1 | . 1 1 Melee . | . . . Uniques/NPCs Destroyed . | . . . Combat | -11 -10 -10 -------- Run | Yrd Mat Min Hostile Shots Fired 45 | . 13 32 Missed 15 | . 6 9 Damage Taken 759 | . 102 657 Core 271 | . 41 230 Absorbed by Shields . | . . . Core Remaining (%) 100 | 100 . . Volleys Fired 17 | . 8 9 Largest 2 | . 2 2 Hottest 65 | . 65 65 Shots Fired 25 | . 10 15 Gun . | . . . Cannon 14 | . 8 6 Launcher 11 | . 2 9 Special . | . . . Kinetic 14 | . 8 6 Thermal . | . . . Explosive 11 | . 2 9 Electromagnetic . | . . . Robot Hit Streak 4 | . 3 4 Robot Miss Streak 4 | . 1 4 Penetration Max . | . . . Secondary Targets . | . . . Shots Hit Robots 13 | . 6 7 Core Hits 22 | . 3 19 Critical Kills . | . . . Critical Parts Destroyed . | . . . Critical Strikes 2 | . 2 . Blast 2 | . 2 . Melee Attacks . | . . . Impact . | . . . Slashing . | . . . Piercing . | . . . Sneak Attacks . | . . . Combat Hostiles . | . . . Follow-up Attacks . | . . . Damage Inflicted 575 | . 200 375 Guns . | . . . Cannons 128 | . 93 35 Explosions 435 | . 107 328 Melee . | . . . Ramming 12 | . . 12 Kinetic 128 | . 93 35 Thermal . | . . . Explosive 435 | . 107 328 Electromagnetic . | . . . Impact . | . . . Slashing . | . . . Piercing . | . . . Highest Corruption . | . . . Average Corruption . | . . . Corruption Purged . | . . . Corruption Blocked . | . . . Overload Shots . | . . . Overflow Damage 17 | . 15 2 Projectiles . | . . . Explosions 17 | . 15 2 Melee . | . . . Knockbacks 1 | . . 1 Impact . | . . . Kinetic 1 | . . 1 Secondary . | . . . Self-Inflicted Damage 135 | . 48 87 Shots 5 | . 1 4 Rammed . | . . . Targets Rammed 1 | . . 1 Kicked 1 | . . 1 Crushed . | . . . Highest Temperature 9 | . 3 9 Average Temperature 2 | . 2 2 Received Heat Transfer 24 | . . 24 Siege Activations . | . . . Robots Corrupted . | . . . Combat Hostiles . | . . . Parts Fried . | . . . Impact Corruptions . | . . . Robots Melted . | . . . Combat Hostiles . | . . . Parts Melted . | . . . Heat Transferred . | . . . Parts Sabotaged . | . . . Parts Stolen . | . . . Parts Stripped . | . . . Power Chain Reactions . | . . . Alert | -11 -10 -10 ------- Run | Yrd Mat Min Peak Influence 201 | . 139 201 Initial 54 | . . 54 Average 83 | . 56 131 Maximum Alert Level 1 | . . 1 Low Security (%) 99 | 100 100 99 Level 1 . | . . . Level 2 . | . . . Level 3 . | . . . Level 4 . | . . . Level 5 . | . . . High Security . | . . . Max Security . | . . . Squads Dispatched . | . . . Investigation . | . . . Extermination . | . . . Reinforcement . | . . . Assault . | . . . Garrison . | . . . Intercept . | . . . Searches Triggered . | . . . Construction Impeded . | . . . Haulers Reinforced . | . . . Active Scanning Responses . | . . . Cargo Convoy Interrupts . | . . . Stealth | -11 -10 -10 --------- Run | Yrd Mat Min Distress Signals . | . . . Communications Jammed . | . . . Distress Signals . | . . . Times Spotted 25 | . 5 20 Peak Tracking Total 19 | . 4 19 Tactical Retreats . | . . . Traps | -11 -10 -10 ------- Run | Yrd Mat Min Traps Triggered . | . . . Indirectly . | . . . Trap Hack Attempts . | . . . Triggered . | . . . Disarmed 4 | . 4 . Reprogrammed . | . . . Reused . | . . . Traps Extracted . | . . . Installed . | . . . Triggered . | . . . Machines | -11 -10 -10 ---------- Run | Yrd Mat Min Machines Disabled 2 | . . 2 Max in Single Turn 2 | . . 2 Machines Repaired . | . . . Machines Dismantled . | . . . Machines Sabotaged . | . . . Overloaded Fab Kills . | . . . Hacking | -11 -10 -10 --------- Run | Yrd Mat Min Machines Accessed 5 | . 5 . Terminals 5 | . 5 . Fabricators . | . . . Repair Stations . | . . . Recycling Units . | . . . Scanalyzers . | . . . Garrison Access . | . . . Total Hacks 19 | . 19 . Successful 11 | . 11 . Failed 8 | . 8 . Catastrophic . | . . . Database Lockouts . | . . . Manual 4 | . 4 . Terminals 19 | . 19 . Fabricators . | . . . Repair Stations . | . . . Recycling Units . | . . . Scanalyzers . | . . . Garrison Access . | . . . Terminal Hacks 11 | . 11 . Prototype ID Bank 2 | . 2 . Branch Access Points 1 | . 1 . Emergency Access Points 1 | . 1 . Locate Traps 1 | . 1 . Disarm Traps 1 | . 1 . Dispatch Records 1 | . 1 . Investigation Status 1 | . 1 . Reinforcement Status 1 | . 1 . Zone Layout 2 | . 2 . Fabricator Hacks . | . . . Repair Station Hacks . | . . . Recycling Unit Hacks . | . . . Scanalyzer . | . . . Garrison Access Hacks . | . . . Unauthorized Hacks . | . . . Terminals . | . . . Fabricators . | . . . Repair Stations . | . . . Recycling Units . | . . . Scanalyzers . | . . . Garrison Access . | . . . Data Cores Recovered 1 | . 1 . Used . | . . . Hacking Detections 5 | . 5 . Full Trace Events . | . . . Feedback Events . | . . . Feedback Blocked . | . . . Robot Schematics Acquired . | . . . Robots Built . | . . . Authchips . | . . . Time . | . . . Total Robot Build Rating . | . . . Part Schematics Acquired . | . . . Parts Built . | . . . Authchips . | . . . Time . | . . . Total Part Build Rating . | . . . Parts Repaired . | . . . Time . | . . . Parts Recycled . | . . . Recycled Matter . | . . . Retrieved Matter . | . . . Retrieved Components . | . . . Parts Scanalyzed . | . . . Part Schematics Acquired . | . . . Parts Damaged . | . . . Bothacking | -11 -10 -10 ------------ Run | Yrd Mat Min Used RIF Installer . | . . . Robots Hacked . | . . . Non-combat . | . . . Combat . | . . . Robot Hacks Applied . | . . . Relay Couplers Released . | . . . Fabnet Peak Effective % . | . . . Robots Rewired . | . . . Allies Hacked . | . . . Hacks Repelled . | . . . Allies | -11 -10 -10 -------- Run | Yrd Mat Min Total Allies . | . . . Largest Group . | . . . Highest-Rated Group . | . . . Highest-Rated Ally . | . . . Total Orders . | . . . Ally Attacks . | . . . Total Damage . | . . . Kills . | . . . Allies Corrupted . | . . . Allies Melted . | . . . Intel | -11 -10 -10 ------- Run | Yrd Mat Min Robot Analysis Total . | . . . Derelict Logs Recovered . | . . . Drone Launches . | . . . Drone Recoveries . | . . . Exploration | -11 -10 -10 ------------- Run | Yrd Mat Min Turns Passed 739 | 98 296 345 Spaces Moved 532 | 70 201 261 Core 40 | 40 . . Treads 64 | 30 34 . Legs 428 | . 167 261 Wheels . | . . . Hover . | . . . Flight . | . . . Fastest Speed 50 | 50 120 120 Average Speed 122 | 122 126 120 Slowest Speed 160 | 160 160 120 Overloaded Moves . | . . . Propulsion Burnouts . | . . . Robots Hopped . | . . . Cave-ins Triggered . | . . . Exploration Rate (%) 31 | 6 29 60 Regions Visited 2 Branch Regions 1 Pre-discovered Areas . | . . . Known Exits Taken 1 | . 1 . Unknown Exits Taken 1 | 1 . . Scrap Searched 2 | . . 2 Spaces Dug . | . . . Terrain Destroyed 83 | . 21 62 Melee . | . . . Projectile . | . . . AOE 83 | . 21 62 Terrain Rammed . | . . . Walls Destroyed . | . . . Machines Disabled . | . . . Actions | -11 -10 -10 --------- Run | Yrd Mat Min Total 595 | 83 234 278 Wait 4 | . . 4 Move 530 | 69 200 261 Hop . | . . . Pick Up 24 | 8 14 2 Fast Attach . | . . . Attach 9 | 6 2 1 Detach . | . . . Swap 3 | . 3 . Drop 7 | . 7 . Fire 17 | . 8 9 Melee . | . . . Ram . | . . . Kick 1 | . . 1 Crush . | . . . Escape Stasis . | . . . Rewire . | . . . Trap . | . . . Miscellaneous . | . . . Route ------- -11/Scrapyard -10/Materials (discovered 2 exits: *Min x2) -10/Mines (discovered 1 exit: [*Mat]) History --------- Turn | Location | Event 7 | -11/Scrapyard | Discovered new exit (range 16) 99 | -11/Scrapyard | Entered Materials 211 | -10/Materials | Identified exit to Mines 315 | -10/Materials | Build established: Mutant 395 | -10/Materials | Entered Mines 403 | -10/Mines | Met a Derelict bent on vengeance 645 | -10/Mines | Discovered new exit (range 11) 710 | -10/Mines | Assembled infested the area 715 | -10/Mines | Assisted by a Guerilla fighting off Assembled 734 | -10/Mines | Core integrity fell below 50% 739 | -10/Mines | Core integrity fell below 20% 740 | -10/Mines | Destroyed by D-53 Grenadier with Mini Grenade Launcher Last Messages --------------- as-12337 destroyed. as-45924 destroyed. as-08353 destroyed. Ion Engine destroyed. D-53 Grenadier knocked back. T-07 Excavator is excavating. as-24135 destroyed. as-05458 destroyed. CY-M7O(h) destroyed. Imp. Aluminum Leg destroyed. Lgt. Cannon destroyed. as-27006 destroyed. D-53 Grenadier destroyed. T-07 Excavator is excavating. U-05 Engineer lays Concrete. U-05 Engineer builds a Wall. Mni. Grenade Launcher destroyed. Imp. Aluminum Leg destroyed. as-13986 destroyed. The unstable cave ceiling collapses. Map ----- +----------------------------------------------------+ | | | | | | | | | | | | | | | | | | | | | | | ?????????????????????????????????????????????????? | | ?????????????????????????????????????????????????? | | ?????????????????????????????????????????????????? | | ?????????????????????????????????????????????????? | | ???????????????????????????####??????????????????? | | ??????????????????????????## ###???????????????## | | ??????????????????######### #???????????????# | | ?????????????????## # ###?????????????# | | ????????????????## # #????????????## | | ?????????????#??# ###?????????## | | ?????????????# # ##???###### | | ??????????????# t #??## | | ???????????????## #??# | | ???????????????# a d #??# | | ???????? a @ % # #??## ### | | ???????# % # # # ##?????### ##?## | | ???????? " %* ???# # ######### #???# | | ???????? ### !?????## = * # #???? | | ????????????#????????#a ### ########## ##???? | | ????????????????????# % #####?# #####????# #????? | | ????????????????????; ??????# = #????# ###### | | ???????????????????= #??????######=#????# # | | ??????????????????%a###??????????### ##???###### # | | ?????????????????#aa?????????????# #[*#????????# # | | ?????????????????# ?????????????### #????????# | | ?????????????????#??????????????# ####### | | ???????????????????????????????## | | ??????????????????????????????## | | ??????????????????????????????# ###### | | ??????????????????????????????# ##???# # | | ??????????????????????????????## ##???## ## | | ???????????????????????????????# < ##???## #? | | ???????????????????????????????# ##??## # | | ???????????????????????????????## #??# | | ????????????????????????????????## #??# | | ?????????????????????????????????## ##???# | | ??????????????????????????????????####????## | | ???????????????????????????????????????????# | | ???????????????????????????????????????????# | +----------------------------------------------------+ Best States ------------- Heat Dissipation 25 Energy Generation 10 Energy Capacity 250 Matter Stores 300 Matter Capacity 300 Sight Range 16 Terrain Scan Density 10 Additional Mass Support 6 Evasion (%) 55 Recoil Reduction 2 Item Schematics ----------------- None Robot Schematics ------------------ None Fabricated ------------ Nothing Alien Tech Used ----------------- None Achievements -------------- None Challenges ------------ None Game ------ Seed CarbideNovaAutocannon Manual? 0 Play Time 00:12:42 Cumulative 8.5 hours Start 2024.07.12 @ 19:22:52 End 2024.07.12 @ 19:32:39 Sessions 1 Manual Loads 0 Difficulty Rogue Special Mode None Game No. 23 Rogue 23 Adventurer 0 Explorer 0 Win Type - Total 0 Types 0/0/0/0/0/0/0/0/0 Lore% 15 Gallery% 12 Achievement% 13 Wizard Run 0 Options --------- Layout 1 ASCII 0 Keyboard 0 Movement Arrows Keybinds 0 Fullscreen 1 Font 28/Dina Map View 50x43 Zoom Use 0% Tactical HUD 0 Map Filters NONE Filters NONE Steam X RUN: 99495596-c514-4646-8457-922fe2d55df1